 Dungeon Crawl Stone Soup version 0.23-a0-839-g6d2b917 (console) character file.

83 bli the Slasher (level 4, -4/37 HPs)
             Began as a Barachi Fighter on Jan 25, 2019.
             Splashed by a jelly's acid (8 damage)
             ... on level 2 of the Dungeon.
             The game lasted 00:05:21 (1768 turns).

bli the Slasher (Barachi Fighter)                   Turns: 1768, Time: 00:05:22

Health: -4/37      AC: -7    Str: 18    XL:     4   Next: 44%
Magic:  4/4        EV:  8    Int:  9    God:
Gold:   147        SH:  9    Dex: 11    Spells: 3/3 levels left

rFire    . . .     SeeInvis .   a - +0 long sword
rCold    . . .     Gourm    .   x - +0 shield
rNeg     . . .     Faith    .   v - +0 leather armour
rPois    .         Spirit   .   (no helmet)
rElec    .         Reflect  .   y - +0 cloak
rCorr    .         Harm     .   (no gloves)
MR       .....                  (no boots)
Stlth    +.........             (no amulet)
HPRegen  0.12/turn              t - ring of flight
MPRegen  0.09/turn              (no ring)

@: lethally poisoned (-4 -> -6), corroded, can't hop, slow
A: +LOS, swims, slowness 1, strong legs 1
a: Hop, Evoke Flight


You were on level 2 of the Dungeon.
You were hungry.

You visited 1 branch of the dungeon, and saw 3 of its levels.

You collected 147 gold pieces.

Inventory:

Hand Weapons
 a - a +0 long sword (weapon)
 e - a +0 dagger
 q - a +0 hunting sling
Missiles
 n - 35 stones (quivered)
 p - 9 sling bullets
 s - 18 poisoned needles
Armour
 b - a +0 scale mail
 g - a +0 chain mail
 j - a +0 ring mail
 v - a +0 leather armour (worn)
 w - a +0 chain mail
 x - a +0 shield (worn)
 y - a +0 cloak (worn)
Jewellery
 t - a ring of flight (left hand)
Scrolls
 i - 2 scrolls of teleportation {unknown}
 l - 5 scrolls of identify {unknown}
 m - 2 scrolls of amnesia {unknown}
Potions
 d - a potion of might
 h - 4 potions of heal wounds {unknown}
 o - 2 potions of lignification {unknown}
 u - a potion of degeneration {unknown}
Comestibles
 f - 5 rations


   Skills:
 - Level 4.0 Fighting
 + Level 4.8 Long Blades
 - Level 3.6 Armour
 * Level 3.7 Shields


You had 3 spell levels left.
You didn't know any spells.
Your spell library was empty.

Dungeon Overview and Level Annotations

Branches:
Dungeon (3/15)

Altars:
Ashenzari

Annotations:
D:2 Jessica


Innate Abilities, Weirdness & Mutations

Shadows flee at your approach. (+LOS)
You can swim through water.
You cover ground slowly.
You can hop short distances.


Message History

Boing!
Throwing (i - inventory)
n - 36 stones (quivered)
Press: ? - help, Shift-Dir - straight line, f - jelly
Aim: a jelly (lightly wounded)
You throw a stone.
The stone hits the jelly but does no damage.
The jelly is lightly wounded.
You feel sick.
You slash the jelly!
Your hands burn!
* * * LOW HITPOINT WARNING * * *
The jelly is heavily wounded.
You block the jelly's attack. The jelly barely misses you.
You riposte.
You hit the jelly.
The jelly is severely wounded.
You hit the jelly.
Your hands burn!
* * * LOW HITPOINT WARNING * * *
The jelly is severely wounded.
The jelly hits you.
* * * LOW HITPOINT WARNING * * *
The acid corrodes you!
You are splashed with acid!
You die...

............#......(.
.....>S.....#........
............#.......b
###########..(....b^.
##.........
#..##+#### ##(##.#
#############.(#.#
...........# #†#.#
##########.# #.#.#
..# #.# #..@# #.# #.#
##.J# #.# #.# ##(.#
#.# #.# #..># #.# #.#
#.### #.# ######.#
#.# #.# #......# #..
#.# #.###### ####
#.###.# #.....#
#######


You could see a jelly.

Vanquished Creatures
  4 adders (D:2)
  An ooze (D:1)
  2 worms
  A dart slug (D:1)
  A leopard gecko (D:1)
  A giant cockroach (D:1)
  5 goblins
  2 hobgoblins
  4 jackals (D:1)
  3 kobolds
  A quokka (D:3)
  3 bats (D:1)
  2 frilled lizards (D:1)
  4 rats
34 creatures vanquished.

Notes
Turn   | Place    | Note
-------+----------+-------------------------------------------
     0 | D:1      | bli the Barachi Fighter began the quest for the Orb.
     0 | D:1      | Reached XP level 1. HP: 18/18 MP: 1/1
   144 | D:1      | Found a shattered altar of Ashenzari.
   193 | D:1      | Reached XP level 2. HP: 24/25 MP: 2/2
   434 | D:1      | Reached XP level 3. HP: 26/30 MP: 3/3
  1274 | D:2      | Reached XP level 4. HP: 31/37 MP: 4/4
  1367 | D:2      | Noticed Jessica
  1768 | D:2      | Splashed by a jelly's acid

Vault maps used:
D:1:      co_arrival_square_in_a_square_in_a_square,
          nicolae_ashenzari_panopticon
D:2:      uniq_jessica, uniq_crazy_yiuf_cottage
D:3:      lemuel_doored_altar

Skill      XL: |  1  2  3 |
---------------+----------+-----
Long Blades    | 3 4 |  4.8
Fighting       | 4 |  4.0
Armour         | |  3.6
Shields        | |  3.7

Action                   |  1- 3 |  4- 6 || total
-------------------------+-------+-------++-------
Melee: Long sword        |    97 |    35 ||   132
Throw: Stone             |    10 |    11 ||    21
 Abil: Hop               |       |     1 ||     1
 Stab: Sleeping          |     1 |       ||     1
  Eat: Chunk             |     2 |     1 ||     3
Armor: Ring mail         |    18 |       ||    18
       Leather armour    |    10 |     8 ||    18
Dodge: Dodged            |    42 |    12 ||    54
Block: Shield            |    41 |    11 ||    52
       Rpst.: Long sword |    11 |     4 ||    15

Table legend:
 A = Non-vault XP
 B = Vault XP
 C = Vault XP percentage of total XP
 D = Non-vault monster count
 E = Vault monster count
 F = Vault count percentage of total count
                 A         B        C        D         E       F
            +---------+---------+-------+---------+---------+-------
      Total |     119 |       0 |   0.0 |      34 |       0 |   0.0
            +---------+---------+-------+---------+---------+-------
        D:1 |      38 |       0 |   0.0 |      18 |       0 |   0.0
        D:2 |      74 |       0 |   0.0 |      14 |       0 |   0.0
        D:3 |       7 |       0 |   0.0 |       2 |       0 |   0.0
            +---------+---------+-------+---------+---------+-------
